 Dungeon Crawl Stone Soup version 0.31.0-11-ge490571c62 (webtiles) character file.

Game seed: 9223786621947745682

68 qw the Shooter (level 4, -2/22 HPs)
             Began as a Spriggan Hunter on Feb 5, 2024.
             Slain by Terence
             ... wielding a +0 trident
              (6 damage)
             ... on level 2 of the Dungeon.
             The game lasted 00:00:25 (1293 turns).

qw the Shooter (Spriggan Hunter)                    Turns: 1293, Time: 00:00:26

Health: -2/22      AC:  2    Str:  7    XL:     4   Next: 1%
Magic:  5/5        EV: 19    Int: 10    God:
Gold:   51         SH:  0    Dex: 20    Spells: 3/3 levels left

rFire   . . .        a - +0 shortbow
rCold   . . .        (shield currently unavailable)
rNeg    . . .        c - +0 robe
rPois   .            (helmet restricted)
rElec   .            (no cloak)
rCorr   .            (gloves unavailable)
SInv    +            (boots unavailable)
Will    .....        (no amulet)
Stlth   ++           (no ring)
HPRegen 0.23/turn    (no ring)
MPRegen 0.09/turn

%: no passive effects
@: very quick
A: very small, no large weapons, unfitting armour, see invisible, speed 3
a: no special abilities


You were on level 2 of the Dungeon.
You visited 1 branch of the dungeon, and saw 2 of its levels.

You collected 51 gold pieces.


Innate Abilities, Weirdness & Mutations

You are very small and have problems with some larger weapons.
You are too small for most types of armour.
You have supernaturally acute eyesight. (SInv)
You cover ground extremely quickly. (Speed+++)


   Skills:
 - Level 1.5 Fighting
 - Level 5.0 Ranged Weapons
 + Level 4.2 Dodging
 - Level 1.5 Stealth


You had 3 spell levels left.
You didn't know any spells.
Your spell library was empty.

Inventory:

Hand Weapons
 a - a +0 shortbow (weapon)
Armour
 c - a +0 robe (worn)
Potions
 e - a potion of attraction {unknown}

Dungeon Overview and Level Annotations

Branches:
Dungeon (2/15)

Altars:

Annotations:
D:2 Terence


Message History

HP restored.
Found a stone staircase leading up.
Things that are here:
a quokka corpse; a ribbon worm corpse; a frilled lizard corpse
Enter note: Terence the Incautious comes into view.
He is wielding a +0 trident.
Terence shouts!
You shoot an arrow.
The arrow hits Terence but does no damage.
You shoot an arrow.
The arrow hits Terence but does no damage.
You shoot an arrow. The arrow closely misses Terence.
You shoot an arrow.
The arrow hits Terence but does no damage.
Terence hits you from afar with a +0 trident.
You shoot an arrow.
The arrow hits Terence but does no damage.
Terence hits you from afar with a +0 trident!
You shoot an arrow. The arrow closely misses Terence.
Terence barely misses you.
Terence says, "You're history."
Terence barely misses you.
You shoot an arrow.
The arrow hits Terence but does no damage.
Terence hits you from afar with a +0 trident.
You shoot an arrow.
The arrow hits Terence but does no damage.
Terence misses you.
You shoot an arrow.
The arrow hits Terence but does no damage.
Terence barely misses you.
You shoot an arrow. The arrow hits Terence.
Terence is moderately wounded.
Terence hits you from afar with a +0 trident.
You shoot an arrow.
The arrow hits Terence but does no damage.
Terence is moderately wounded.
Terence hits you from afar with a +0 trident.
You die...
Terence says, "That felt goooood."

#.# #.# #.# #.# #######
#.# ######.....###.##
#####...>.........%.. #
#.##....................
#
.....@.@.####.#####.####
# #..##.###.####.# #.#
#. #.#.....##.# #.#
...##.#.###.##.# #.#
#......# #.%..# ..#
...##.#.###.#### #.#
#.......# #.# #.#.#>.#.#
#.# ..###...#.#


You could see Terence.

Vanquished Creatures
  Natasha (D:2)
  An adder (D:2)
  A ribbon worm (D:2)
  7 ball pythons
  3 bats
  3 endoplasms
  A giant cockroach (D:2)
  A goblin (D:1)
  4 hobgoblins
  3 quokkas
  2 frilled lizards (D:2)
  A kobold (D:1)
  2 rats (D:1)
30 creatures vanquished.

Notes
Turn   | Place    | Note
-------+----------+-------------------------------------------
     0 | D:1      | qw the Spriggan Hunter began the quest for the Orb.
     0 | D:1      | Reached XP level 1. HP: 10/10 MP: 2/2
     0 | D:1      | 0 ||| qw: Version: 0.3-a-160-g6735b56
     0 | D:1      | 0 ||| qw: Game counter: 6340
     0 | D:1      | 0 ||| qw: Melee chars always use a shield: true
     0 | D:1      | 0 ||| qw: God list: Okawaru
     0 | D:1      | 0 ||| qw: Allow faded altars: false
     0 | D:1      | 0 ||| qw: Do Orc after clearing Dungeon:15 true
     0 | D:1      | 0 ||| qw: Do second Lair branch before Depths: true
     0 | D:1      | 0 ||| qw: Lair rune preference: random
     0 | D:1      | 0 ||| qw: Goals: Normal
     0 | D:1      | 0 ||| PLANNING D:1-11
   107 | D:1      | Reached skill level 3 in Dodging
   124 | D:1      | Found a faded altar of an unknown god.
   274 | D:1      | Reached XP level 2. HP: 14/14 MP: 3/3
   842 | D:1      | 842 ||| READING scroll labelled COMEGH QITES.
   847 | D:1      | 847 ||| READING scroll labelled DOF KE FUINY.
   848 | D:1      | 848 ||| READING scroll labelled AJUNIMI LUOLIMA.
   949 | D:1      | 949 ||| DROPPING scroll of butterflies.
  1040 | D:2      | Noticed Natasha
  1042 | D:2      | Killed Natasha
  1043 | D:2      | Reached XP level 3. HP: 18/18 MP: 4/4
  1137 | D:2      | Reached skill level 5 in Ranged Weapons
  1253 | D:2      | Reached XP level 4. HP: 18/22 MP: 5/5
  1282 | D:2      | Noticed Terence
  1289 | D:2      | HP: 5/22 [Terence/+0 trident (6)]
  1293 | D:2      | Slain by Terence

Levels and vault maps discovered:
D:1:      lightli_arrival_farm, layout_loops_corners,
          shapermc_ecumenical_altar_venn, hex_medium,
          hangedman_decor_clover_reticule
D:2:      layout_loops_ring, uniq_terence, uniq_natasha

Skill      XL: |  1  2  3 |
---------------+----------+-----
Dodging        | 3 4 |  4.2
Ranged Weapons | 5 |  5.0
Fighting       | |  1.5
Stealth        | |  1.5

Action                     |  1- 3 |  4- 6 || total
---------------------------+-------+-------++-------
   Fire: Shortbow          |   100 |    11 ||   111
    Use: Scroll            |     3 |       ||     3
 Armour: Robe              |    15 |     5 ||    20
  Dodge: Dodged            |    51 |     4 ||    55

Table legend:
 A = Non-vault XP
 B = Vault XP
 C = Vault XP percentage of total XP
 D = Non-vault monster count
 E = Vault monster count
 F = Vault count percentage of total count
                 A         B        C        D         E       F
            +---------+---------+-------+---------+---------+-------
      Total |      61 |      37 |  37.8 |      29 |       1 |   3.3
            +---------+---------+-------+---------+---------+-------
        D:1 |      28 |       0 |   0.0 |      17 |       0 |   0.0
        D:2 |      33 |      37 |  52.9 |      12 |       1 |   7.7
            +---------+---------+-------+---------+---------+-------
